 Dungeon Crawl Stone Soup version 0.28-a0-1190-g77e1c55843 (webtiles) character file.

Game seed: 10260411081188998417

7 Gargoyl the Skirmisher (level 2, -12/29 HPs)
             Began as a Gnoll Abyssal Knight on Dec 18, 2021.
             Was a Follower of Lugonu.
             Mangled by a chaos spawn (17 damage)
             ... on level 1 of the Abyss.
             The game lasted 00:00:19 (210 turns).

Gargoyl the Skirmisher (Gnoll Abyssal Knight)        Turns: 210, Time: 00:00:20

Health: -12/29     AC:  3    Str: 12    XL:     2   Next: 0%
Magic:  5/5        EV: 12    Int:  9    God:    Lugonu [*.....]
Gold:   13         SH:  0    Dex: 12    Spells: 1/1 levels left

rFire   . . .      SeeInvis .   a - +1 hand axe
rCold   . . .      Faith    .   (no shield)
rNeg    . . .      Spirit   .   b - +0 leather armour
rPois   .          Reflect  .   (no helmet)
rElec   .          Harm     .   (no cloak)
rCorr   .          Rampage  .   (no gloves)
Will    .....                   (no boots)
Stlth   +.........              (no amulet)
HPRegen 0.09/turn               (no ring)
MPRegen 0.09/turn               (no ring)

@: no status effects
A: fangs 1, strong nose, distributed training
a: Renounce Religion, Depart the Abyss


You were on level 1 of the Abyss.
You worshipped Lugonu.
Lugonu was aware of your devotion.
You visited 0 branches of the dungeon, and saw 0 of its levels.
You visited the Abyss 1 time.

You collected 13 gold pieces.

Inventory:

Hand Weapons
 a - a +1 hand axe (weapon)
Armour
 b - a +0 leather armour (worn)


   Skills:
 + Level 6.4 Fighting
 + Level 0.2 Short Blades
 + Level 0.2 Long Blades
 + Level 4.4 Axes
 + Level 0.2 Maces & Flails
 + Level 0.2 Polearms
 + Level 0.2 Staves
 + Level 0.2 Slings
 + Level 0.2 Bows
 + Level 0.2 Crossbows
 + Level 0.2 Throwing
 + Level 4.4 Armour
 + Level 2.4 Dodging
 + Level 0.2 Stealth
 + Level 0.2 Shields
 + Level 0.2 Unarmed Combat
 + Level 0.2 Spellcasting
 + Level 0.1 Conjurations
 + Level 0.1 Hexes
 + Level 0.1 Summonings
 + Level 0.1 Necromancy
 + Level 0.1 Translocations
 + Level 0.1 Transmutations
 + Level 0.1 Fire Magic
 + Level 0.1 Ice Magic
 + Level 0.1 Air Magic
 + Level 0.1 Earth Magic
 + Level 0.1 Poison Magic
 + Level 4.4 Invocations
 + Level 0.2 Evocations


You had one spell level left.
You didn't know any spells.
Your spell library was empty.

Dungeon Overview and Level Annotations

Branches:
Dungeon (0/15)

Altars:


Innate Abilities, Weirdness & Mutations

You have very sharp teeth.
Your uncanny sense of smell can sniff out nearby items.
Your experience applies equally to all skills.


Message History

You hit the white imp.
The white imp is heavily wounded.
The white imp barely misses you.
You hit the white imp.
The white imp is almost dead.
The white imp closely misses you.
You hit the white imp.
The white imp is almost dead.
The white imp hits you but does no damage. x2
You completely miss the white imp.
The white imp is almost dead.
The white imp hits you but does no damage.
You closely miss the white imp.
The white imp is almost dead.
The white imp misses you.
Unknown command.
You hit the white imp.
You kill the white imp!
You have reached level 2!
Your hearing returns.
A tentacled starspawn comes into view.
As you read the scroll labelled KIETSEU MEUJU, it crumbles to dust.
It is a scroll of amnesia.
You feel forgetful for a moment.
A chaos spawn comes into view.
The chaos spawn shouts!
You hit the chaos spawn.
The chaos spawn is lightly wounded.
The chaos spawn hits you.
You are engulfed in flames.
You hit the chaos spawn.
The chaos spawn is lightly wounded.
The chaos spawn misses you.
You barely miss the chaos spawn.
The chaos spawn is lightly wounded.
The chaos spawn hits you!
Ouch! That really hurt!
* * * LOW HITPOINT WARNING * * *
The chaos spawn freezes you!
Ouch! That really hurt!
You die...

.. #.
...
##..##
. .
......
. # .
..# .
..... .
......
. . . .
....
.... ..
......#
. #. .
# ..
.....
#. # .
# # #
.##. #
.# .
##4#.#.
# . #@#
# . ###
. . # #
## ..
.. #. .
. # # #


You could see a chaos spawn.

Vanquished Creatures
  A white imp (Abyss:1)
1 creature vanquished.

Notes
Turn   | Place    | Note
-------+----------+-------------------------------------------
     0 | Abyss:1  | Gargoyl the Gnoll Abyssal Knight began the quest for the
                  | Orb.
     0 | Abyss:1  | Reached XP level 1. HP: 23/23 MP: 3/3
     5 | Abyss:1  | Found a corrupted altar of Lugonu.
   110 | Abyss:1  | Reached XP level 2. HP: 18/29 MP: 5/5
   141 | Abyss:1  | Noticed a tentacled starspawn
   206 | Abyss:1  | Noticed a chaos spawn
   210 | Abyss:1  | Mangled by a chaos spawn

Illustrated notes

Levels and vault maps discovered:
Abyss:1:  base: Temple, base:
Temple

Action                   || total
-------------------------++-------
Melee: Hand axe          ||    11
  Use: Scroll            ||     2
Armor: Leather armour    ||     3
Dodge: Dodged            ||     5

Table legend: (Time is in decaauts)
 A = Elapsed time spent in this place.
 B = Non-inter-level travel time spent in this place.
 C = Inter-level travel time spent in this place.
 D = Time resting spent in this place.
 E = Time spent auto-exploring this place.
 F = Levels seen in this place.
 G = Mean time per level.
                   A        B        C        D        E       F      G
               +--------+--------+--------+--------+--------+-----+--------+
         Total |    210 |    210 |      0 |      0 |    169 |   1 |  210.0 |
         Abyss |    210 |    210 |      0 |      0 |    169 |   1 |  210.0 |
               +--------+--------+--------+--------+--------+-----+--------+

Top non-repeatable levels by time:
 Abyss:1: 210 daAuts
